 Dungeon Crawl Stone Soup version 0.20-a0-792-g09bcfd3 (webtiles) character file.

177 nono the Chucker (level 5, -6/26 HPs)
             Began as a Vine Stalker Hunter on Feb 28, 2017.
             Mangled by a centaur (9 damage)
             ... on level 6 of the Dungeon.
             The game lasted 00:05:24 (827 turns).

nono the Chucker (Vine Stalker Hunter)               Turns: 827, Time: 00:05:24

Health: -6/26      AC:  3    Str: 15    XL:     5   Next: 57%
Magic:  0/6        EV: 12    Int: 11    God:
Gold:   70         SH:  0    Dex: 15    Spells: 4/4 levels left

rFire    . . .     SeeInvis .   a - +0 short sword
rCold    . . .     Gourm    .   b - +0 leather armour
rNeg     . . .     Faith    .   (no shield)
rPois    .         Spirit   +   (no helmet)
rElec    .         Reflect  .   (no cloak)
rCorr    .         Harm     .   (no gloves)
MR       .....                  (no boots)
Stlth    ++........             i - amulet of regeneration
Regen    0.9/turn               (no ring)
MPRegen  0.1/turn               (no ring)

@: no status effects
A: fangs 2, regeneration 1, magic shield, antimagic bite, no potion heal 3, rot
immunity
a: no special abilities


You were on level 6 of the Dungeon.
You were not hungry.

You visited 1 branch of the dungeon, and saw 7 of its levels.

You collected 70 gold pieces.

Inventory:

Hand Weapons
 a - a +0 short sword (weapon)
Missiles
 c - 8 javelins (quivered)
Armour
 b - a +0 leather armour (worn)
Jewellery
 i - an amulet of regeneration (around neck)
 n - an uncursed amulet of magic regeneration {unknown}
Scrolls
 j - a scroll of fog {unknown}
 k - a scroll of blinking {unknown}
 l - a scroll of amnesia {unknown}
Potions
 e - a potion of flight {unknown}
 h - a potion of might {unknown}
 m - a potion of heal wounds {unknown}
Comestibles
 f - a bread ration
 g - 3 meat rations


   Skills:
 + Level 1.7 Fighting
 + Level 0.0 Short Blades
 - Level 6.1 Throwing
 - Level 1.5 Dodging
 - Level 1.2 Stealth


You had 4 spell levels left.
You didn't know any spells.

Dungeon Overview and Level Annotations

Branches:
Dungeon (7/15)
 Temple: D:4-7

Altars:
Ashenzari
Elyvilon
Gozag
Kikubaaqudgha
The Shining One

Shops:
D:4 ?((


Innate Abilities, Weirdness & Mutations

You have extremely sharp teeth.
Your natural rate of healing is unusually fast.
When hurt, damage is shared between your health and your magic reserves.
Your bite disrupts and absorbs the magic of your enemies.
Potions cannot restore your health.
You are immune to rotting.


Message History

You see here an arrow.
The centaur shoots an arrow.
The arrow hits you!
You see here an arrow.
You hit the centaur but do no damage.
The centaur unwields an uncursed shortbow.
The centaur hits you!
* * * LOW HITPOINT WARNING * * *
Throwing (i - inventory):
c - 10 javelins (quivered)
Press: ? - help, Shift-Dir - straight line, f - centaur
Aim: a centaur You throw a javelin.
The javelin hits the centaur!
The centaur is severely wounded.
The centaur closely misses you. The centaur hits you.
* * * LOW HITPOINT WARNING * * *
Throwing (i - inventory):
c - 9 javelins (quivered)
Press: ? - help, Shift-Dir - straight line, f/p - centaur
Aim: a centaur (severely wounded)
You throw a javelin. The javelin barely misses the centaur.
The centaur hits you!
You die...

.... ....
...## #...
#..# #..#
####..####
#..((....#
#.@....#.#
#c#...##
.(.##..####.#
####
#.......#
#.####### #.#
#.# #.# #.#


You could see a centaur.

Vanquished Creatures
  A bullfrog (D:6)
  A scorpion (D:4)
  A worker ant (D:4)
  A hound zombie (D:6)
  A worm (D:4)
  A dart slug (D:1)
  2 leopard geckos
  2 giant cockroaches
  3 goblins
  A kobold (D:2)
  A ball python (D:4)
  2 bats (D:1)
  A frilled lizard (D:3)
  2 rats (D:1)
20 creatures vanquished.

Notes
Turn   | Place    | Note
-------+----------+-------------------------------------------
     0 | D:1      | nono the Vine Stalker Hunter began the quest for the Orb.
     0 | D:1      | Reached XP level 1. HP: 11/11 MP: 2/2
    81 | D:1      | Reached skill level 4 in Throwing
    81 | D:1      | Reached XP level 2. HP: 12/15 MP: 3/3
   171 | D:2      | Found an opulent altar of Gozag.
   314 | D:4      | Found Aconi's Magic Scroll Shoppe.
   346 | D:4      | Found a white marble altar of Elyvilon.
   423 | D:4      | Found Jaolou's Weapon Shop.
   437 | D:4      | Found Laak's Weapon Shoppe.
   452 | D:4      | Reached XP level 3. HP: 11/18 MP: 4/4
   467 | D:4      | Found a glowing golden altar of the Shining One.
   472 | D:4      | Found a shattered altar of Ashenzari.
   575 | D:4      | Noticed a scorpion
   578 | D:4      | Killed a scorpion
   578 | D:4      | Reached skill level 5 in Throwing
   578 | D:4      | Gained mutation: Your natural rate of healing is unusually fast. [Vine Stalker growth]
   578 | D:4      | Reached XP level 4. HP: 23/23 MP: 5/5
   595 | D:5      | Entered Level 5 of the Dungeon
   655 | D:7      | Noticed a phantom
   701 | D:6      | Found an ancient bone altar of Kikubaaqudgha.
   737 | D:6      | Noticed a bullfrog
   758 | D:6      | Killed a bullfrog
   758 | D:6      | Reached skill level 6 in Throwing
   758 | D:6      | Reached XP level 5. HP: 6/26 MP: 1/6
   822 | D:6      | Noticed a centaur
   827 | D:6      | Mangled by a centaur

Vault maps used:
D:1:      scummos_arrival_simple_crosswalls
D:2:      marbit_many_paths, kennysheep_okawaru_gauntlet
D:3:      minmay_door_path, first_bread
D:4:      nicolae_overflow_crystal_walls, kennysheep_little_box,
          grunt_temple_overflow_open, serial_shops, shop, shop, shop,
          nicolae_shop_stone, elyvilon_altar_5
D:6:      kiku_gazebo_pond_becter, overflow_temple_1_default,
          portal_sewer_entry_d, hangedman_decor_riveting,
          minmay_hollow_rounded_squares
D:7:      grunt_dithmenos_shadows, kennysheep_mini,
          minmay_temple_entry_junction_2, serial_shops, shop_fountains,
          the_bakery, roderic_ancient_swastika, minmay_bent, uniq_pikel

Skill      XL: |  1  2  3  4 |
---------------+-------------+-----
Throwing       | 4 5 6 |  6.1
Fighting       | |  1.7
Dodging        | |  1.5
Stealth        | |  1.2

Action                   |  1- 3 |  4- 6 || total
-------------------------+-------+-------++-------
Melee: Short sword       |    50 |    12 ||    62
       Bite              |    16 |     2 ||    18
Throw: Javelin           |    13 |    11 ||    24
       Throwing net      |     2 |     1 ||     3
 Stab: Held in net/web   |     2 |       ||     2
Armor: Leather armour    |    12 |     3 ||    15
Dodge: Dodged            |    36 |    15 ||    51
